 Dungeon Sprint DCSS version 0.16-a0-4078-g0e80503 (console) character file.

9900000 Monkaria the Axe Maniac (level 25, -38/233 (234) HPs)
             Began as a Human Fighter on Feb 22, 2015.
             Was the Champion of Makhleb.
             Annihilated by a destroyer
             ... wielding a +9 great sword of slicing
              (151 damage)
             ... in the Dungeon (Sprint VIII: "Arena of Blood").
             The game lasted 00:05:02 (99 turns).

Monkaria the Axe Maniac (Human Fighter)               Turns: 99, Time: 00:05:02

HP:   -38/233 (234) AC: 13    Str: 25    XL:     25   Next: 99%
MP:   29/49         EV: 28    Int: 10    God:    Makhleb [******]
Gold: 0             SH:  0    Dex: 15    Spells: 0 memorised, 78 levels left

rFire  . . .     SeeInvis .     h - +∞ Axe of Woe
rCold  . . .     Clarity  .     b - +0 scale mail
rNeg   . . .     SustAb   .     (no shield)
rPois  .         Gourm    .     (no helmet)
rElec  .         Spirit   .     (no cloak)
rCorr  .         Warding  .     (no gloves)
rMut   .         NoTele   +     (no boots)
MR     +....                    (no amulet)
Stlth  ++++++++..               m - +200 ring of slaying
                                l - +30 ring of slaying

@: very slightly contaminated, rotting, somewhat resistant to hostile
enchantments, extraordinarily stealthy
A: no striking features
a: Minor Destruction, Lesser Servant of Makhleb, Major Destruction, Greater
Servant of Makhleb, Renounce Religion


You were in the Dungeon.
You worshipped Makhleb.
Makhleb was exalted by your worship.
You were not hungry.

You visited 1 branch

Inventory:

Hand weapons
 h - the +∞ Axe of Woe (weapon)
   (You found it in the Dungeon)
Armour
 b - a +0 scale mail (worn)
 c - a +0 shield
Jewellery
 a - a +30 ring of slaying
 l - a +30 ring of slaying (left hand)
 m - a +200 ring of slaying (right hand)
Scrolls
 k - a scroll of blinking
Potions
 e - a potion of might
 f - a potion of curing
 g - a potion of heal wounds
 i - 2 potions of magic
 j - a potion of berserk rage
Comestibles
 d - a bread ration


   Skills:
 O Level 27 Fighting
 O Level 27 Axes
 O Level 27 Throwing
 O Level 27 Armour
 O Level 27 Dodging
 O Level 27 Stealth
 O Level 27 Shields
 O Level 27 Unarmed Combat
 O Level 27 Spellcasting
 O Level 27 Invocations


You had 78 spell levels left.
You didn't know any spells.

Dungeon Overview and Level Annotations

Branches:
Dungeon (1/1)

Altars:
Makhleb


Message History

Something smites you!
You hear a shout! x3
The meat berserker moves out of view.
You hear a shout! x5
The tyrant casts a spell.
The tyrant seems to speed up.
A bag of meat comes into view. It is wielding a +9 war axe.
Unknown command.
An accursed comes into view.
You feel your flesh rotting away.
You hear a shout!
The reaper is engulfed in roaring flames.
You hear a shout! x3
The meat berserker is engulfed in roaring flames.
The tyrant touches you but does no damage.
The bag of meat is engulfed in roaring flames.
You hear a shout!
The destroyer hits you with a +9 great sword of slicing!!!!!
Ouch! That really hurt!
You die...

.......#.....# ..
.......#_)<._#....
......W#))...#....
..#.o...)))_.......
.......O))###§......
.....###)))§o§2###.
... #.))2Oo.#
.O..#...))..#.{{.
........@..o.OooM
........LV..o.o.#
............o...#
.......L.....##.
..#......O.#..
..........#..
#.#....... .........
...


You could see an accursed (wandering), a meat beast, 2 tyrants, a reaper, a
destroyer, a dread, 5 meat berserkers and 8 bags of meat.

Vanquished Creatures
  Harold (D)
  6 greater mummies (D)
  A hell beast (D)
  2 hill giants (D)
  A lich (D)
  13 ogres (D)
  26 orcs (D)
  5 phantoms (D)
  5 skeletal warriors (D)
  6 vampire knights (D)
  3 wraiths (D)
  A tentacled monstrosity (D)
  3 small abominations (D)
  2 large abominations (D)
  2 soul eaters (D)
  A crawling corpse (D)
78 creatures vanquished.

Notes
Turn   | Place    | Note
--------------------------------------------------------------
     0 | D        | Monkaria, the Human Fighter, began the quest for the Orb.
     0 | D        | Reached XP level 1. HP: 18/18 MP: 1/1
     3 | D        | Noticed a bag of meat
     3 | D        | Noticed a bag of meat
     3 | D        | Noticed a bag of meat
     6 | D        | Noticed a bag of meat
     6 | D        | Noticed a bag of meat
     6 | D        | Noticed a bag of meat
     7 | D        | Noticed a meat berserker
     8 | D        | Noticed a bag of meat
     8 | D        | Noticed a meat berserker
     9 | D        | Killed a meat berserker
     9 | D        | Reached skill level 15 in Fighting
     9 | D        | Reached skill level 15 in Armour
     9 | D        | Reached skill level 15 in Shields
     9 | D        | Reached XP level 2. HP: 21/44 MP: 2/2
     9 | D        | Reached XP level 3. HP: 23/50 MP: 3/3
     9 | D        | Reached XP level 4. HP: 26/57 MP: 4/4
     9 | D        | Reached XP level 5. HP: 28/63 MP: 5/5
     9 | D        | Reached XP level 6. HP: 31/70 MP: 6/6
     9 | D        | Reached XP level 7. HP: 33/76 MP: 7/7
     9 | D        | Reached XP level 8. HP: 36/83 MP: 8/8
     9 | D        | Reached XP level 9. HP: 38/89 MP: 9/9
     9 | D        | Reached XP level 10. HP: 41/97 MP: 10/10
     9 | D        | Reached XP level 11. HP: 43/103 MP: 11/11
    10 | D        | Noticed a meat berserker
    11 | D        | Became a worshipper of Makhleb the Destroyer
    13 | D        | Killed a bag of meat
    13 | D        | Reached skill level 17 in Fighting
    13 | D        | Reached skill level 10 in Axes
    13 | D        | Reached XP level 12. HP: 8/115 MP: 12/12
    13 | D        | Reached XP level 13. HP: 8/121 MP: 13/13
    13 | D        | Killed a bag of meat
    13 | D        | Acquired Makhleb's first power
    13 | D        | Reached skill level 19 in Fighting
    13 | D        | Killed a bag of meat
    13 | D        | Reached skill level 20 in Fighting
    13 | D        | Reached XP level 14. HP: 44/135 MP: 14/14
    14 | D        | Noticed a meat berserker
    14 | D        | Killed a meat berserker
    14 | D        | Acquired Makhleb's second power
    14 | D        | Reached skill level 21 in Fighting
    14 | D        | Reached XP level 15. HP: 140/144 MP: 15/15
    14 | D        | Killed a bag of meat
    14 | D        | Killed a meat berserker
    14 | D        | Acquired Makhleb's third power
    14 | D        | Reached skill level 22 in Fighting
    15 | D        | Killed a meat berserker
    15 | D        | Reached skill level 23 in Fighting
    15 | D        | Reached XP level 16. HP: 155/157 MP: 16/16
    16 | D        | Killed a bag of meat
    16 | D        | Killed a bag of meat
    16 | D        | Acquired Makhleb's fourth power
    17 | D        | Killed a bag of meat
    17 | D        | Reached skill level 24 in Axes
    17 | D        | Reached XP level 17. HP: 164/164 MP: 17/17
    25 | D        | Noticed a meat berserker
    27 | D        | Noticed a bag of meat
    27 | D        | Noticed a large bag of meat
    29 | D        | Killed a meat berserker
    29 | D        | Acquired Makhleb's fifth power
    29 | D        | Reached skill level 26 in Axes
    30 | D        | Noticed a bag of meat
    30 | D        | Noticed a bag of meat
    31 | D        | Noticed a meat berserker
    31 | D        | Noticed The Servant
    32 | D        | Noticed a sculptor of flesh
    33 | D        | Noticed a bag of meat
    33 | D        | Killed a bag of meat
    33 | D        | Reached skill level 27 in Axes
    34 | D        | Noticed a meat berserker
    34 | D        | Noticed a bag of meat
    35 | D        | Noticed a sculptor of flesh
    35 | D        | Killed a bag of meat
    35 | D        | Reached XP level 18. HP: 171/175 MP: 18/18
    36 | D        | Noticed a bag of meat
    36 | D        | Killed a large bag of meat
    39 | D        | Noticed a sculptor of flesh
    39 | D        | Noticed a sculptor of flesh
    39 | D        | Killed a meat berserker
    39 | D        | Reached skill level 27 in Fighting
    40 | D        | Killed a sculptor of flesh
    40 | D        | Reached skill level 27 in Armour
    40 | D        | Killed a meat berserker
    40 | D        | Reached XP level 19. HP: 145/189 MP: 18/18
    41 | D        | Noticed a bag of meat
    41 | D        | Noticed a bag of meat
    42 | D        | Noticed a sculptor of flesh
    42 | D        | Killed The Servant
    42 | D        | Killed a bag of meat
    43 | D        | Noticed a destroyer
    44 | D        | Killed a sculptor of flesh
    45 | D        | Killed a bag of meat
    45 | D        | Reached skill level 27 in Dodging
    45 | D        | Reached skill level 5 in Invocations
    45 | D        | Killed a sculptor of flesh
    45 | D        | Reached XP level 20. HP: 197/197 MP: 18/35
    46 | D        | Killed a bag of meat
    47 | D        | Noticed a bag of meat
    47 | D        | Noticed a tyrant
    47 | D        | Killed a bag of meat
    48 | D        | Killed a destroyer
    49 | D        | Noticed a destroyer
    49 | D        | Killed a bag of meat
    49 | D        | Reached skill level 27 in Invocations
    49 | D        | Reached skill level 5 in Spellcasting
    49 | D        | Killed a sculptor of flesh
    49 | D        | Reached XP level 21. HP: 204/204 MP: 18/42
    50 | D        | Killed a bag of meat
    51 | D        | Noticed a bag of meat
    51 | D        | Killed a destroyer
    52 | D        | Killed a sculptor of flesh
    53 | D        | Noticed an accursed
    54 | D        | Killed a bag of meat
    55 | D        | Noticed an accursed
    55 | D        | Noticed a bag of meat
    56 | D        | Noticed an accursed
    56 | D        | Noticed a meat berserker
    56 | D        | Noticed a bag of meat
    57 | D        | Noticed a meat berserker
    57 | D        | Killed an accursed
    58 | D        | Noticed a destroyer
    59 | D        | Noticed a bag of meat
    60 | D        | Killed an accursed
    60 | D        | Reached skill level 27 in Spellcasting
    60 | D        | Reached XP level 22. HP: 107/212 MP: 20/47
    60 | D        | Killed a bag of meat
    61 | D        | Killed a tyrant
    62 | D        | Killed a meat berserker
    64 | D        | Noticed a bag of meat
    64 | D        | Noticed an accursed
    64 | D        | Killed a meat berserker
    64 | D        | Killed a bag of meat
    64 | D        | Killed a destroyer
    65 | D        | Noticed a dread
    65 | D        | Noticed a destroyer
    67 | D        | Noticed a dread
    67 | D        | Killed a dread
    67 | D        | Reached skill level 27 in Stealth
    69 | D        | Noticed a meat berserker
    69 | D        | Noticed a bag of meat
    70 | D        | Killed a bag of meat
    72 | D        | Noticed a destroyer
    72 | D        | Killed a bag of meat
    72 | D        | Reached XP level 23. HP: 129/219 MP: 22/48
    73 | D        | Killed a bag of meat
    74 | D        | Killed a meat berserker
    74 | D        | Reached skill level 27 in Shields
    74 | D        | Killed a dread
    76 | D        | Noticed a bag of meat
    76 | D        | Noticed an accursed
    78 | D        | Noticed a meat berserker
    78 | D        | Noticed a bag of meat
    79 | D        | Killed an accursed
    79 | D        | Killed a destroyer
    79 | D        | Killed a bag of meat
    79 | D        | Killed a destroyer
    80 | D        | Noticed an accursed
    81 | D        | Noticed a meat berserker
    81 | D        | Killed an accursed
    82 | D        | Noticed a meat beast
    82 | D        | Killed a wretched soul
    82 | D        | Reached skill level 27 in Throwing
    82 | D        | Reached XP level 24. HP: 227/227 MP: 24/48
    83 | D        | Noticed a bag of meat
    83 | D        | Noticed a large bag of meat
    83 | D        | Noticed a dread
    83 | D        | Killed a meat berserker
    84 | D        | Killed a meat berserker
    85 | D        | Noticed a bag of meat
    85 | D        | Killed a meat beast
    85 | D        | Killed a bag of meat
    85 | D        | Killed a wretched soul
    87 | D        | Noticed a bag of meat
    87 | D        | Killed a wretched soul
    87 | D        | Reached skill level 27 in Unarmed Combat
    90 | D        | Noticed a destroyer
    90 | D        | Killed a large bag of meat
    90 | D        | HP: 5/227 [large bag of meat/exploding inner flame (30)]
    90 | D        | Killed a dread
    90 | D        | Reached XP level 25. HP: 74/234 MP: 26/49
    90 | D        | Killed a wretched soul
    91 | D        | Noticed a bag of meat
    91 | D        | Noticed a dread
    91 | D        | Noticed a destroyer
    91 | D        | Killed a bag of meat
    92 | D        | Killed a bag of meat
    93 | D        | Noticed a meat berserker
    94 | D        | Killed a bag of meat
    95 | D        | Noticed a tyrant
    95 | D        | Noticed a bag of meat
    95 | D        | Killed an accursed
    95 | D        | Killed a wretched soul
    96 | D        | Noticed a bag of meat
    96 | D        | Noticed a meat berserker
    96 | D        | Noticed a meat berserker
    96 | D        | Noticed a bag of meat
    97 | D        | Noticed a bag of meat
    97 | D        | Noticed a bag of meat
    97 | D        | Noticed a meat beast
    97 | D        | Noticed a tyrant
    97 | D        | Killed an accursed
    97 | D        | Killed a meat berserker
    98 | D        | Noticed a bag of meat
    98 | D        | Noticed a meat berserker
    98 | D        | Noticed a meat berserker
    98 | D        | Killed a destroyer
    99 | D        | Noticed a bag of meat
    99 | D        | Noticed an accursed
    99 | D        | Annihilated by a destroyer

Action                   |  1- 3 |  4- 6 |  7- 9 | 10-12 | 13-15 | 16-18 | 19-21 | 22-24 | 25-27 || total
-------------------------+-------+-------+-------+-------+-------+-------+-------+-------+-------++-------
Melee: Executioner's axe |     1 |       |       |     1 |     2 |    10 |    16 |    16 |     6 ||    52
  Use: Potion            |     1 |       |       |       |       |       |       |       |       ||     1
